 Dungeon Crawl Stone Soup version 0.30-a0-358-g0d69a1922f (webtiles) character file.

Game seed: 2333836129231759419

76 Manisia the Sneak (level 4, 0/21 HPs)
             Began as a Spriggan Enchanter on Nov 9, 2022.
             Splashed by a jelly's acid (2 damage)
             ... on level 2 of the Dungeon.
             The game lasted 00:05:50 (1423 turns).

Manisia the Sneak (Spriggan Enchanter)              Turns: 1423, Time: 00:05:51

Health: 0/21       AC: -2    Str:  4    XL:     4   Next: 12%
Magic:  1/10       EV: 18    Int: 16    God:
Gold:   80         SH:  0    Dex: 17    Spells: 8/10 levels left

rFire   . . .      SeeInvis +    d - +1 dagger (venom)
rCold   . . .      Faith    .    (no shield)
rNeg    . . .      Spirit   .    b - +0 robe
rPois   .          Reflect  .    (helmet restricted)
rElec   .          Harm     .    (no cloak)
rCorr   .          Rampage  .    (gloves unavailable)
Will    .....                    (boots unavailable)
Stlth   +++.......               (no amulet)
HPRegen 0.23/turn                (no ring)
MPRegen 0.12/turn                (no ring)

@: corroded, invisible, very quick
A: very small, no large weapons, unfitting armour, see invisible, speed 3
a: no special abilities


You were on level 2 of the Dungeon.
You visited 1 branch of the dungeon, and saw 2 of its levels.

You collected 80 gold pieces.

Inventory:

Hand Weapons
 a - a +1 dagger
 d - a +1 dagger of venom (weapon)
 j - a +2 short sword of venom
Armour
 b - a +0 robe (worn)
Scrolls
 g - a scroll of magic mapping
 l - a scroll of identify {unknown}
 m - a scroll of enchant weapon {unknown}
Potions
 c - a potion of invisibility
 e - a potion of haste {unknown}
 f - a potion of heal wounds {unknown}
 h - a potion of degeneration {unknown}
 i - a potion of attraction {unknown}
 k - a potion of berserk rage {unknown}


   Skills:
 + Level 0.2 Fighting
 + Level 1.5 Short Blades
 - Level 3.0 Dodging
 - Level 5.0 Stealth
 + Level 3.5 Spellcasting
 + Level 4.5 Hexes
 + Level 0.9 Ice Magic


You had 8 spell levels left.
You knew the following spells:

 Your Spells              Type           Power      Damage    Failure   Level
a - Ensorcelled Hibernat  Hex/Ice        22%        N/A       9%          2

Your spell library contained the following spells:

 Spells                   Type           Power      Damage    Failure   Level
 Confusing Touch          Hex            17%        N/A       9%          3
 Tukima's Dance           Hex            17%        N/A       9%          3
 Dazzling Flash           Conj/Hex       20%        N/A       22%         3


Dungeon Overview and Level Annotations

Branches:
Dungeon (2/15)

Altars:
Trog

Shops:
D:2 (


Innate Abilities, Weirdness & Mutations

You are very small and have problems with some larger weapons.
You are too small for most types of armour.
You have supernaturally acute eyesight. (SInv)
You cover ground extremely quickly. (Speed+++)


Message History

The endoplasm quivers.
You hit the endoplasm.
The endoplasm is lightly wounded.
The endoplasm freezes you.
You are frozen.
You see here a +0 dagger.
Casting: Ensorcelled Hibernation (safe; 9% risk of failure)
Confirm with . or Enter, or press ? or * to list all spells.
Aiming: Ensorcelled Hibernation (safe; 9% risk of failure)
Press: ? - help, Shift-Dir - straight line, f - endoplasm
Aim: an endoplasm (lightly wounded, chance to affect: 62%)
The endoplasm resists with significant effort.
You are too injured to fight recklessly!
You hit the endoplasm but do no damage.
The endoplasm is lightly wounded.
The endoplasm freezes you.
You are frozen.
* * * LOW HITPOINT WARNING * * *
You hit the endoplasm but do no damage.
The endoplasm is lightly wounded.
The endoplasm barely misses you.
You barely miss the endoplasm.
The endoplasm is lightly wounded.
The endoplasm closely misses you.
You hit the endoplasm.
The endoplasm is heavily wounded.
Casting: Ensorcelled Hibernation (safe; 9% risk of failure)
Confirm with . or Enter, or press ? or * to list all spells.
You don't have enough magic to cast this spell.
You hit the jelly.
Your hands burn!
* * * LOW HITPOINT WARNING * * *
The jelly is moderately wounded.
You hit the jelly.
Your hands burn!
* * * LOW HITPOINT WARNING * * *
The jelly is heavily wounded.
The jelly closely misses you.
You fade into invisibility!
You are too injured to fight recklessly!
You hit the jelly. The acid corrodes you!
Your hands burn!
You die...

#J.....########## ###.....
#..J÷..'##......#####.....
#÷.....#.#.......##.#.....
#P..÷J.#)#........'.#.....
#....JJ#.#.....[..'.......
#...P.J#.#'#......'....<..
#.÷...÷#J#.#.....##.......
#....÷P#J#.#....###)).....
#[.....##@####### #.###...
########### #..# ###.
....# . #...## . .....
###... ...# ####


You could see a jelly and an endoplasm.

Vanquished Creatures
  An adder (D:2)
  A worm (D:2)
  2 dart slugs (D:1)
  4 ball pythons (D:1)
  2 bats (D:2)
  11 endoplasms
  A goblin (D:1)
  4 hobgoblins
  3 jackals (D:2)
  A quokka (D:1)
  2 frilled lizards
  14 kobolds
  9 rats (D:1)
55 creatures vanquished.

Vanquished Creatures (others)
  2 fungi (D:2)
  10 toadstools (D:2)
12 creatures vanquished.

Grand Total: 67 creatures vanquished

Notes
Turn   | Place    | Note
-------+----------+-------------------------------------------
     0 | D:1      | Manisia the Spriggan Enchanter began the quest for the Orb.
     0 | D:1      | Reached XP level 1. HP: 9/9 MP: 5/5
    94 | D:1      | Reached XP level 2. HP: 13/13 MP: 6/6
    97 | D:1      | Learned a level 2 spell: Ensorcelled Hibernation
   266 | D:1      | Reached skill level 5 in Stealth
   587 | D:1      | Reached XP level 3. HP: 15/16 MP: 1/8
   965 | D:2      | Found Wiarone's Weapon Shop.
  1071 | D:2      | Found a bloodstained altar of Trog.
  1285 | D:2      | Reached XP level 4. HP: 5/21 MP: 2/10
  1416 | D:2      | HP: 1/21 [acid (2)]
  1423 | D:2      | Splashed by a jelly's acid

Illustrated notes

Levels and vault maps discovered:
D:1:      co_arrival_square_in_a_square_in_a_square, layout_rooms
D:2:      cheibrodos_fertilizer, layout_rooms, basic_altar, serial_shops,
          nicolae_shop_hallway_plus, serial_forest, infiniplex_forest_end_2,
          infiniplex_forest_lined_3_way, infiniplex_forest_straight_2,
          infiniplex_forest_zigzag_2, infiniplex_forest_end_2,
          infiniplex_forest_clump_C, infiniplex_forest_end_2

Skill      XL: |  1  2 |
---------------+-------+-----
Hexes          | 4 |  4.5
Dodging        | 3 |  3.0
Stealth        | 5 |  5.0
Spellcasting   | 3 |  3.5
Fighting       | |  0.2
Short Blades   | |  1.5
Ice Magic      | |  0.9

Action                   |  1- 3 |  4- 6 || total
-------------------------+-------+-------++-------
Melee: Dagger            |   116 |    18 ||   134
       Punch             |     1 |       ||     1
       Short sword       |     2 |       ||     2
 Cast: Ensorcelled Hiber |    24 |     6 ||    30
  Use: Potion            |     1 |     1 ||     2
       Scroll            |     3 |       ||     3
 Stab: Sleeping          |    18 |     3 ||    21
       Invisible         |     2 |       ||     2
       Distracted        |     1 |       ||     1
Armor: Robe              |     5 |       ||     5
Dodge: Dodged            |    80 |    11 ||    91

Table legend: (Time is in decaauts)
 A = Elapsed time spent in this place.
 B = Non-inter-level travel time spent in this place.
 C = Inter-level travel time spent in this place.
 D = Time resting spent in this place.
 E = Time spent auto-exploring this place.
 F = Levels seen in this place.
 G = Mean time per level.
                   A        B        C        D        E       F      G
               +--------+--------+--------+--------+--------+-----+--------+
         Total |   1177 |   1165 |     12 |      0 |    799 |   2 |  588.5 |
       Dungeon |   1177 |   1165 |     12 |      0 |    799 |   2 |  588.5 |
               +--------+--------+--------+--------+--------+-----+--------+

Top non-repeatable levels by time:
     D:1: 698 daAuts
     D:2: 478 daAuts
